 Dungeon Crawl Stone Soup version 0.24.0-35-gdb84b6a5db (webtiles) character file.

Game seed: 11771026059762816332, levelgen mode: deterministic

78 Nattfarinn the Gusty (level 4, -3/24 HPs)
             Began as a Tengu Air Elementalist on Nov 19, 2019.
             Slain by a gnoll (8 damage)
             ... on level 1 of the Dungeon.
             The game lasted 00:06:08 (1856 turns).

Nattfarinn the Gusty (Tengu Air Elementalist)       Turns: 1856, Time: 00:06:09

Health: -3/24      AC:  2    Str:  8    XL:     4   Next: 36%
Magic:  2/8        EV: 12    Int: 17    God:
Gold:   44         SH:  0    Dex: 14    Spells: 6/7 levels left

rFire    . . .     SeeInvis .   (no weapon)
rCold    . . .     Gourm    .   (no shield)
rNeg     . . .     Faith    .   a - +0 robe
rPois    .         Spirit   .   (helmet restricted)
rElec    .         Reflect  .   (no cloak)
rCorr    .         Harm     .   (no gloves)
MR       .....                  (boots unavailable)
Stlth    ++........             (no amulet)
HPRegen  0.08/turn              (no ring)
MPRegen  0.11/turn              (no ring)

@: no status effects
A: beak, talons 3
a: no special abilities


You were on level 1 of the Dungeon.
You were very hungry.

You visited 1 branch of the dungeon, and saw 2 of its levels.

You collected 44 gold pieces.

Inventory:

Armour
 a - a +0 robe (worn)
Scrolls
 e - 2 scrolls of identify {unknown}
Comestibles
 c - 3 rations


   Skills:
 * Level 2.9 Armour
 - Level 2.1 Dodging
 - Level 2.0 Stealth
 - Level 2.0 Spellcasting
 + Level 2.8 Conjurations
 + Level 4.8 Air Magic


You had 6 spell levels left.
You knew the following spells:

 Your Spells              Type           Power        Failure   Level  Hunger
a - Shock                 Conj/Air       ##..         4%          1    #......

Your spell library contained the following spells:

 Spells                   Type           Power        Failure   Level  Hunger
 Swiftness                Chrm/Air       #.......     11%         2    ###....
 Static Discharge         Conj/Air       ##......     12%         3    ###....
 Airstrike                Air            ###.......   26%         4    #####..
 Lightning Bolt           Conj/Air       ##........   75%         5    ######.


Dungeon Overview and Level Annotations

Branches:
Dungeon (2/15)

Altars:

Annotations:
D:1 Robin


Innate Abilities, Weirdness & Mutations

You have a beak for a mouth.
You have claws for feet.


Message History

Press: ? - help, Shift-Dir - straight line, f/p - gnoll
Aim: a gnoll (severely wounded)
The zap misses the gnoll.
The gnoll hits you.
* * * LOW HITPOINT WARNING * * *
Casting: Shock (safe; 4% risk of failure)
Confirm with . or Enter, or press ? or * to list all spells.
Aiming: Shock (safe; 4% risk of failure)
Press: ? - help, Shift-Dir - straight line, f/p - gnoll
Aim: a gnoll (severely wounded)
The zap misses the gnoll.
The gnoll barely misses you.
Unknown command.
Casting: Shock (safe; 4% risk of failure)
Confirm with . or Enter, or press ? or * to list all spells.
Aiming: Shock (safe; 4% risk of failure)
Press: ? - help, Shift-Dir - straight line, f/p - gnoll
Aim: a gnoll (severely wounded)
The zap hits the gnoll.
The gnoll is almost dead.
The gnoll hits you!
You die...

....'...#.....###
....#####.......#
....# #.....###
...[# ###.....####
##### #......>...#
#####.#.......)#
#....)......##.####
#########..###g...#
##.###@#####
#.........#
#######.### ####.#
#....# ######


You could see a gnoll.

Vanquished Creatures
  2 gnolls
  An adder (D:2)
  2 worms (D:2)
  A leopard gecko (D:2)
  4 bats (D:1)
  13 goblins
  5 hobgoblins
  2 jackals (D:1)
  2 ball pythons (D:1)
  A kobold (D:1)
  8 rats (D:1)
41 creatures vanquished.

Notes
Turn   | Place    | Note
-------+----------+-------------------------------------------
     0 | D:1      | Nattfarinn the Tengu Air Elementalist began the quest for
                  | the Orb.
     0 | D:1      | Reached XP level 1. HP: 10/10 MP: 4/4
   141 | D:1      | Reached skill level 1 in Armour
   141 | D:1      | Reached XP level 2. HP: 15/15 MP: 4/6
   730 | D:2      | Reached XP level 3. HP: 19/19 MP: 1/7
   837 | D:2      | Noticed Robin
  1468 | D:2      | Reached XP level 4. HP: 24/24 MP: 2/8
  1856 | D:1      | Slain by a gnoll

Levels and vault maps discovered:
D:1:      evilmike_arrival_fibonacci_small, layout_basic
D:2:      layout_loops_ring, uniq_robin

Skill      XL: |  1  2 |
---------------+-------+-----
Armour         | 1 2 |  2.9
Conjurations   | 2 |  2.8
Dodging        | |  2.1
Stealth        | |  2.0
Spellcasting   | |  2.0
Air Magic      | |  4.8

Action                   |  1- 3 |  4- 6 || total
-------------------------+-------+-------++-------
Melee: Unarmed           |     9 |       ||     9
       Kick              |     3 |       ||     3
       Peck              |     1 |       ||     1
 Cast: Shock             |    67 |    10 ||    77
  Use: Scroll            |       |     1 ||     1
  Eat: Chunk             |     3 |       ||     3
Armor: Robe              |     9 |       ||     9
Dodge: Dodged            |    28 |     4 ||    32
